 Dungeon Crawl Stone Soup version 0.31-a0-1-g4198be8af4 (webtiles) character file.

Game seed: 7924943552671042407

22 Jeffwins the Grave Robber (level 2, 0/18 HPs)
             Began as an Octopode Necromancer on May 2, 2023.
             Slain by a jackal (2 damage)
             ... on level 1 of the Dungeon.
             The game lasted 00:00:38 (258 turns).

Jeffwins the Grave Robber (Octopode Necromancer)     Turns: 258, Time: 00:00:39

Health: 0/18       AC:  1    Str:  7    XL:     2   Next: 91%
Magic:  5/5        EV: 13    Int: 17    God:
Gold:   47         SH:  0    Dex: 12    Spells: 4/5 levels left

rFire   . . .        (no weapon)
rCold   . . .        (no shield)
rNeg    . . .        (helmet restricted)
rPois   .            (no amulet)
rElec   .            (no ring)
rCorr   .            (no ring)
SInv    .            (no ring)
Will    .....        (no ring)
Stlth   +++          (no ring)
HPRegen 0.23/turn    (no ring)
MPRegen 0.09/turn    (no ring)
                     (no ring)

%: no passive effects
@: no status effects
A: almost no armour, amphibious, 8 rings, camouflage 1, gelatinous body 1,
(nimble swimmer 1), tentacles
a: no special abilities


You were on level 1 of the Dungeon.
You visited 1 branch of the dungeon, and saw 1 of its levels.

You collected 47 gold pieces.


Innate Abilities, Weirdness & Mutations

You cannot wear most types of armour.
You are amphibious.
You can wear up to eight rings at the same time.
Your skin changes colour to match your surroundings (Stealth+).
Your rubbery body absorbs attacks. (AC +1, EV +1)
((You are camouflaged when in or above water. (Stealth+)))
You have tentacles for arms and can constrict up to eight enemies at once.


   Skills:
 + Level 0.5 Fighting
 + Level 2.1 Dodging
 + Level 3.0 Stealth
 * Level 2.3 Spellcasting
 * Level 4.3 Necromancy


You had 4 spell levels left.
You knew the following spells:

 Your Spells              Type           Power      Damage    Failure   Level
z - Necrotise             Necr           64%        1d7       3%          1

Your spell library contained the following spells:

 Spells                   Type           Power      Damage    Failure   Level
 Sublimation of Blood     Necr           16%        N/A       4%          2
 Vampiric Draining        Necr           16%        2d7       10%         3
 Animate Dead             Necr           16%        N/A       32%         4
 Petrify                  Tmut/Erth      2%         N/A       88%         4
 Agony                    Necr           16%        N/A       65%         5
 Irradiate                Conj/Tmut      1%         3d12      99%         5

Inventory:

Scrolls
 b - 2 scrolls of identify {unknown}
 c - 3 scrolls of noise {unknown}
Potions
 a - a potion of magic

Dungeon Overview and Level Annotations

Branches:
Dungeon (1/15)

Altars:

... .. #. .. . #.. ..#. ##
#... ..... ....#
..#.######.## #..##..
....##.....
...#....##........#. #
#.....@h.##....... .
##########)........#.# #
#......>.........#.#.# #
#.......######.......##
#.......# #.#......####
#......##### #..#...#....##
#..........####....#####..#
.........###....#†#..##......
.........# ##.>.........###..


You could see a jackal.


Message History

The jackal bites you.
* * * LOW HITPOINT WARNING * * *
The jackal misses you. The dart slug bites you.
* * * LOW HITPOINT WARNING * * *
Okay, then.
You tentacle-slap the jackal but do no damage.
You squeeze the jackal, but do no damage.
You constrict the dart slug.
You constrict the jackal, but do no damage. x2
The jackal barely misses you. The jackal closely misses you.
Unknown command.
You tentacle-slap the jackal but do no damage.
You squeeze the jackal.
You kill the jackal!
You constrict the dart slug.
You kill the dart slug!
You constrict the jackal. The jackal misses you. The jackal barely misses you.
Your Stealth skill increases to level 3!
You tentacle-slap the jackal but do no damage.
The jackal is heavily wounded.
You constrict the jackal, but do no damage.
The jackal misses you. The rat barely misses you.
Unknown command.
You tentacle-slap the rat.
You kill the rat!
You constrict the jackal.
The jackal bites you but does no damage.
Unknown command.
You release your grip on the jackal.
The jackal bites you.
You die...

Skill      XL: |  1  2 |
---------------+-------+-----
Stealth        | 3 |  3.0
Fighting       | |  0.5
Dodging        | |  2.1
Spellcasting   | |  2.3
Necromancy     | |  4.3

Action                     || total
---------------------------++-------
  Melee: Unarmed           ||    46
         Tentacles         ||    14
         Constrict         ||    13
         Punch             ||     3
   Stab: Sleeping          ||     2
 Armour: Skin              ||     4
  Dodge: Dodged            ||    47

Levels and vault maps discovered:
D:1:      shiori_arrival_whats_in_store_for_you, layout_rooms,
          shapermc_ecumenical_altar_venn, serial_shops, shop, minmay_liquid_box

Notes
Turn   | Place    | Note
-------+----------+-------------------------------------------
     0 | D:1      | Jeffwins the Octopode Necromancer began the quest for the
                  | Orb.
     0 | D:1      | Reached XP level 1. HP: 11/11 MP: 3/3
     6 | D:1      | Noticed a merfolk
    11 | D:1      | Noticed a spriggan
    11 | D:1      | Noticed a ghoul
    15 | D:1      | Noticed a minotaur zombie
    17 | D:1      | Noticed a tengu
   107 | D:1      | Reached XP level 2. HP: 12/18 MP: 5/5
   144 | D:1      | Found a faded altar of an unknown god.
   253 | D:1      | HP: 1/18 [dart slug (3)]
   256 | D:1      | Reached skill level 3 in Stealth
   258 | D:1      | Slain by a jackal

Vanquished Creatures
  2 dart slugs (D:1)
  A ball python (D:1)
  4 jackals (D:1)
  2 quokkas (D:1)
  A goblin (D:1)
  5 kobolds (D:1)
  A rat (D:1)
16 creatures vanquished.

Table legend: (Time is in decaauts)
 A = Elapsed time spent in this place.
 B = Non-inter-level travel time spent in this place.
 C = Inter-level travel time spent in this place.
 D = Time resting spent in this place.
 E = Time spent auto-exploring this place.
 F = Levels seen in this place.
 G = Mean time per level.
                   A        B        C        D        E       F      G
               +--------+--------+--------+--------+--------+-----+--------+
         Total |    258 |    258 |      0 |     33 |    131 |   1 |  258.0 |
       Dungeon |    258 |    258 |      0 |     33 |    131 |   1 |  258.0 |
               +--------+--------+--------+--------+--------+-----+--------+

Top non-repeatable levels by time:
     D:1: 258 daAuts

Table legend:
 A = Non-vault XP
 B = Vault XP
 C = Vault XP percentage of total XP
 D = Non-vault monster count
 E = Vault monster count
 F = Vault count percentage of total count
                 A         B        C        D         E       F
            +---------+---------+-------+---------+---------+-------
      Total |      32 |       0 |   0.0 |      16 |       0 |   0.0
            +---------+---------+-------+---------+---------+-------
        D:1 |      32 |       0 |   0.0 |      16 |       0 |   0.0
            +---------+---------+-------+---------+---------+-------
